 Dungeon Crawl Stone Soup version 0.29.1-15-g9cfb28693d (webtiles) character file.

Game seed: 14675988574575980984

1384 raph the Covert (level 8, -1/44 HPs)
             Began as a Kobold Enchanter on Apr 26, 2023.
             Succumbed to a hornet's poison
             ... on level 5 of the Dungeon.
             The game lasted 00:12:15 (7754 turns).

raph the Covert (Kobold Enchanter)                  Turns: 7754, Time: 00:12:16

Health: -1/44      AC:  8    Str:  5    XL:     8   Next: 99%
Magic:  5/12       EV: 14    Int: 19    God:
Gold:   241        SH:  0    Dex: 15    Spells: 1/12 levels left

rFire   . . .      SeeInvis .   a - +3 rapier
rCold   . . .      Faith    .   (no shield)
rNeg    . . .      Spirit   .   g - +1 leather armour {rPois}
rPois   +          Reflect  .   e - +0 helmet of Gehenna {Slay+2}
rElec   .          Harm     .   n - +2 cloak
rCorr   .          Rampage  .   (no gloves)
Will    .....                   (no boots)
Stlth   +++++.....              (no amulet)
HPRegen 0.14/turn               o - ring of flight
MPRegen 0.13/turn               (no ring)

@: lethally poisoned (-1 -> -15), flying, very slightly contaminated
A: small, no large weapons, nightstalker 3
a: no special abilities


You were on level 5 of the Dungeon.
You visited 1 branch of the dungeon, and saw 5 of its levels.

You collected 241 gold pieces.

Inventory:

Hand Weapons
 a - a +3 rapier (weapon)
 b - a +2 dagger of venom
 l - a +1 dagger
Missiles
 h - 6 curare-tipped darts
 i - 5 boomerangs (quivered)
 s - 9 poisoned darts
Armour
 e - the +0 helmet of Gehenna (worn) {Slay+2}
   (You acquired it on level 3 of the Dungeon)

   Slay:      It affects your accuracy & damage with ranged weapons and melee
   (+2).
 g - a +1 leather armour of poison resistance (worn)
 m - a +0 robe
 n - a +2 cloak (worn)
Jewellery
 o - a ring of flight (left hand)
 p - a +6 ring of dexterity
Scrolls
 t - a scroll of amnesia
 u - a scroll of poison {unknown}
 v - a scroll of teleportation
Potions
 c - a potion of invisibility
 d - a potion of mutation
 f - 4 potions of curing
 j - a potion of haste
 k - a potion of ambrosia
 q - a potion of cancellation
 r - a potion of resistance {unknown}


   Skills:
 + Level 1.7 Fighting
 * Level 7.7 Short Blades
 - Level 2.4 Dodging
 * Level 9.3 Stealth
 + Level 2.8 Spellcasting
 + Level 6.3 Hexes


You had one spell level left.
You knew the following spells:

 Your Spells              Type           Power      Damage    Failure   Level
a - Ensorcelled Hibernat  Hex/Ice        28%        N/A       11%         2
b - Tukima's Dance        Hex            26%        N/A       6%          3
c - Confusing Touch       Hex            26%        N/A       6%          3
d - Dazzling Flash        Conj/Hex       28%        N/A       22%         3

Your spell library contained the following spells:

 Spells                   Type           Power      Damage    Failure   Level
 Magic Dart               Conj           8%         1d3       26%         1
 Call Imp                 Summ           2%         N/A       36%         2
 Mephitic Cloud           Conj/Pois/Air  2%         N/A       61%         3
 Yara's Violent Unravell  Hex/Tmut       7%         3d5       89%         5
 Enfeeble                 Hex            13%        N/A       100%        7


Dungeon Overview and Level Annotations

Branches:
Dungeon (5/15)
 Temple: D:4-7

Altars:
Hepliaklqana
Xom

Shops:
D:1 (   D:5 =

Annotations:
D:3 3 runed translucent doors, p0werm0de's ghost, amateur MiFi
D:4 Pikel


Innate Abilities, Weirdness & Mutations

You are small and have problems with some larger weapons.
You are completely attuned to the shadows.


Message History

You closely miss the hornet.
The hornet is severely wounded.
You feel yourself speed up.
You feel very sick. The hornet stings you!
You feel yourself slow down. The hornet misses you.
Casting: Ensorcelled Hibernation (safe; 11% risk of failure)
Confirm with . or Enter, or press ? or * to list all spells.
Aiming: Ensorcelled Hibernation (safe; 11% risk of failure)
Press: ? - help, Shift-Dir - straight line, f/p - hornet
Aim: a hornet (severely wounded, chance to affect: 38%)
The hornet easily resists.
You feel sick. The hornet misses you. The hornet barely misses you.
You hit the hornet.
The hornet is severely wounded.
You feel sick. The hornet barely misses you. x2
Casting: Ensorcelled Hibernation (safe; 11% risk of failure)
Confirm with . or Enter, or press ? or * to list all spells.
Aiming: Ensorcelled Hibernation (safe; 11% risk of failure)
Press: ? - help, Shift-Dir - straight line, f/p - hornet
Aim: a hornet (severely wounded, chance to affect: 38%)
You miscast Ensorcelled Hibernation.
You are very lightly contaminated with residual magic.
Nothing appears to happen.
You feel yourself speed up.
You feel sick. The hornet stings you!
* * * LOW HITPOINT WARNING * * *
The hornet stings you.
* * * LOW HITPOINT WARNING * * *
You are more poisoned.
You feel yourself slow down.
You feel better.
You feel yourself speed up. The hornet misses you.
The hornet stings you but does no damage.
The hornet stings you!
* * * LOW HITPOINT WARNING * * *
You are lethally poisoned!
You closely miss the hornet.
The hornet is severely wounded.
You die...

#.)#...#...#...#..#
#.#...#...#.†.#...#
#..#...#...#...#..#
#...#...#...#...#.#
#.................#
..#...#...#...#...#
...#...#...#...#..#
W...#.. #...#...#.#
...#. #...#@.#
..#.. ...#y..#
..... ......# ....#
#...#.# ...#. ...#
.# #.#.. #..#.


You could see a hornet.

Vanquished Creatures
  An orc warrior (D:5)
  An ogre (D:5)
  2 phantoms (D:5)
  A necrophage (D:4)
  4 scorpions (D:5)
  2 hounds (D:4)
  2 jellies
  2 orc priests (D:5)
  5 iguanas
  6 orc wizards
  9 gnolls
  6 adders
  2 white imps (D:5)
  An ufetubus (D:5)
  2 worms
  2 dart slugs (D:2)
  20 orcs
  6 endoplasms
  3 giant cockroaches
  6 goblins
  5 hobgoblins
  8 jackals
  3 quokkas
  16 ball pythons
  9 bats
  2 frilled lizards
  10 kobolds
  5 rats
141 creatures vanquished.

Notes
Turn   | Place    | Note
-------+----------+-------------------------------------------
     0 | D:1      | raph the Kobold Enchanter began the quest for the Orb.
     0 | D:1      | Reached XP level 1. HP: 10/10 MP: 3/3
     4 | D:1      | Found a faded altar of an unknown god.
   101 | D:1      | Found Zyut's Antique Weapon Shoppe.
   107 | D:1      | Reached XP level 2. HP: 15/15 MP: 5/5
   418 | D:1      | Reached XP level 3. HP: 16/19 MP: 6/6
   489 | D:1      | Learned a level 2 spell: Ensorcelled Hibernation
  1660 | D:2      | Learned a level 3 spell: Tukima's Dance
  1757 | D:2      | Reached skill level 5 in Stealth
  1757 | D:2      | Reached XP level 4. HP: 23/24 MP: 4/7
  2625 | D:3      | Identified a scroll of acquirement
  2625 | D:3      | Acquired the +0 helmet of Gehenna {Slay+2}
  2639 | D:3      | Found a shimmering altar of Xom.
  2640 | D:3      | Found a hazy altar of Hepliaklqana.
  2641 | D:3      | Noticed a spectral ugly thing
  3086 | D:3      | Reached XP level 5. HP: 28/28 MP: 8/8
  3304 | D:3      | Identified the +0 hand axe of Sunlight {holy, rC+ rCorr
                  | Dex+3}
  3559 | D:2      | Learned a level 3 spell: Confusing Touch
  3601 | D:3      | Found a runed translucent gate.
  3601 | D:3      | Found a runed translucent gate.
  3603 | D:3      | Found a runed translucent gate.
  3603 | D:3      | Noticed a kobold brigand
  3606 | D:3      | Noticed p0werm0de's ghost (amateur MiFi)
  4344 | D:4      | Reached skill level 6 in Stealth
  4403 | D:4      | Reached XP level 6. HP: 32/32 MP: 9/9
  4940 | D:4      | Noticed Pikel
  5110 | D:4      | Reached skill level 5 in Short Blades
  5110 | D:4      | Reached XP level 7. HP: 36/36 MP: 10/10
  5176 | D:4      | Reached skill level 7 in Stealth
  5179 | D:4      | Reached skill level 5 in Hexes
  5604 | D:5      | Entered Level 5 of the Dungeon
  5811 | D:5      | Reached XP level 8. HP: 7/41 MP: 0/11
  5960 | D:5      | Found Puux's Jewellery Emporium.
  6115 | D:5      | Reached skill level 8 in Stealth
  6721 | D:5      | Learned a level 3 spell: Dazzling Flash
  6757 | D:5      | HP: 1/41 [phantom (4)]
  7130 | D:5      | Reached skill level 1 in Fighting
  7219 | D:5      | Reached skill level 9 in Stealth
  7741 | D:5      | Noticed a hornet
  7752 | D:5      | HP: 1/44 [hornet (3)]
  7754 | D:5      | Succumbed to a hornet's poison

Illustrated notes

Levels and vault maps discovered:
D:1:      onia_arrival_handbag, layout_basic, serial_shops, shop,
          dreamdust_ecumenical_altar_grove, minmay_tall_x
D:2:      layout_basic, st_stairs_4, kennysheep_generic_room_6
D:3:      layout_rooms, regret_index_temple_of_mockery,
          gammafunk_ghost_nasty_kobolds
D:4:      layout_loops_ring, minmay_pentangle, uniq_pikel
D:5:      cheibrodos_fzero, layout_basic, serial_shops, shop, st_stairs_5,
          corexii_hall_statues_s

Skill      XL: |  1  2  3  4  5  6  7  8 |
---------------+-------------------------+-----
Short Blades   | 2 3 4 5 6 7 |  7.7
Stealth        | 5 6 7 9 |  9.3
Hexes          | 4 5 6 |  6.3
Fighting       | 1 |  1.7
Dodging        | |  2.4
Spellcasting   | |  2.8

Action                   |  1- 3 |  4- 6 |  7- 9 || total
-------------------------+-------+-------+-------++-------
Melee: Dagger            |    81 |       |       ||    81
       Rapier            |     6 |   111 |   174 ||   291
       Punch             |       |     1 |     1 ||     2
Throw: Boomerang         |       |       |     3 ||     3
       Dart              |       |       |     1 ||     1
 Cast: Ensorcelled Hiber |    10 |    18 |    24 ||    52
       Confusing Touch   |       |     2 |     3 ||     5
       Dazzling Flash    |       |       |     1 ||     1
  Use: Scroll            |     6 |    10 |     5 ||    21
       Potion            |       |       |     5 ||     5
 Stab: Sleeping          |    26 |    33 |    18 ||    77
       Distracted        |       |     1 |     4 ||     5
       Confused          |       |       |     2 ||     2
Armor: Robe              |    23 |    24 |    25 ||    72
       Leather armour    |       |       |     4 ||     4
Dodge: Dodged            |    97 |   107 |    85 ||   289
